 Dungeon Crawl Stone Soup version 0.22.1-1-ga44c0e56f4 (webtiles) character file.

270 Gargoyl the Skirmisher (level 6, -1/52 HPs)
             Began as a Centaur Abyssal Knight on Oct 27, 2018.
             Was a Believer of Lugonu.
             Slain by Robin
             ... wielding a +2 mace of crushing
              (2 damage)
             ... on level 4 of the Dungeon.
             The game lasted 00:06:06 (3066 turns).

Gargoyl the Skirmisher (Centaur Abyssal Knight)     Turns: 3066, Time: 00:06:06

Health: -1/52      AC:  7    Str: 17    XL:     6   Next: 1%
Magic:  8/8        EV:  7    Int: 11    God:    Lugonu [**....]
Gold:   176        SH:  0    Dex: 10    Spells: 5/5 levels left

rFire    . . .     SeeInvis .   a - +1 hand axe
rCold    . . .     Gourm    .   (no shield)
rNeg     . . .     Faith    .   g - +1 scale mail
rPois    .         Spirit   .   (no helmet)
rElec    .         Reflect  .   (no cloak)
rCorr    .         Harm     .   (no gloves)
MR       .....                  (no barding)
Stlth    ..........             (no amulet)
HPRegen  0.17/turn              i - +2 ring of strength
MPRegen  0.11/turn              (no ring)

@: very quick
A: large, hooves 3, deformed body, speed 2, tough skin 3
a: Depart the Abyss, Bend Space, Renounce Religion


You were on level 4 of the Dungeon.
You worshipped Lugonu.
Lugonu was pleased with you.
You were very hungry.

You visited 1 branch of the dungeon, and saw 4 of its levels.
You visited the Abyss 1 time.

You collected 176 gold pieces.

Inventory:

Hand Weapons
 a - a +1 hand axe (weapon)
Missiles
 j - 2 tomahawks (quivered)
Armour
 g - a +1 scale mail (worn)
Jewellery
 i - a +2 ring of strength (left hand)
Wands
 n - a wand of digging (18)
Scrolls
 d - 4 scrolls of remove curse
 e - a scroll of enchant armour
 k - a scroll of identify
 p - a scroll of magic mapping
Potions
 b - 2 potions of agility
 f - 3 potions of curing
 h - a potion of invisibility {unknown}
 l - a potion of mutation {unknown}
 m - a potion of haste {unknown}
 o - 2 potions of berserk rage {unknown}
Comestibles
 c - 9 rations


   Skills:
 + Level 4.0 Fighting
 + Level 2.7 Axes
 + Level 2.3 Throwing
 * Level 2.6 Armour
 + Level 1.0 Dodging
 * Level 3.3 Invocations


You had 5 spell levels left.
You didn't know any spells.
Your spell library was empty.

Dungeon Overview and Level Annotations

Branches:
Dungeon (4/15)
 Temple: D:4-7

Altars:
Uskayaw
Yredelemnul

Annotations:
D:4 2 runed doors, Robin; wiperr's ghost, novice HaHu


Innate Abilities, Weirdness & Mutations

You have hooves in place of feet.
Armour fits poorly on your strangely shaped body.
You cover ground very quickly.
You have extremely tough skin. (AC +3)


Message History

The hobgoblin hits you.
* * * LOW HITPOINT WARNING * * *
You barely miss Robin. You kick Robin, but do no damage.
Robin is severely wounded.
You barely miss the hobgoblin. Robin hits you but does no damage.
The hobgoblin hits you.
* * * LOW HITPOINT WARNING * * *
Unknown command.
You hit Robin.
Robin is severely wounded.
You hit the hobgoblin.
You kill the hobgoblin!
Lugonu accepts your kill. Robin hits you but does no damage.
Unknown command.
You hit Robin but do no damage. You kick Robin.
Robin is almost dead.
Robin hits you with a mace of crushing!
* * * LOW HITPOINT WARNING * * *
You die...

#.# ...
#.### ....
##..###
#((...
.#####...#
......$.)#
.######@g#
#### #†)#
...# #..#
##.# #..#
##.# #..#
.#.#
###..#
##.# ...
#....#
##.# #.#
#)##.#
.#.# #.#
#.##.#


You could see Robin.

Vanquished Creatures
  A phantom (D:4)
  A crimson imp (D:4)
  An iguana (D:4)
  3 adders
  3 oozes (D:1)
  2 worms (D:2)
  2 dart slugs
  2 leopard geckos
  2 orcs (D:3)
  3 giant cockroaches
  12 goblins
  10 hobgoblins
  3 jackals (D:2)
  8 kobolds
  A ball python (D:2)
  5 bats
  4 frilled lizards
  12 rats
75 creatures vanquished.

Notes
Turn   | Place    | Note
-------+----------+-------------------------------------------
     0 | Abyss:1  | Gargoyl the Centaur Abyssal Knight began the quest for the
                  | Orb.
     0 | Abyss:1  | Reached XP level 1. HP: 19/19 MP: 2/2
    17 | Abyss:2  | Noticed a large abomination
    55 | Abyss:2  | Noticed a neqoxec
    56 | D:1      | Escaped the Abyss
   257 | D:1      | Reached * piety under Lugonu
   326 | D:1      | Reached XP level 2. HP: 26/26 MP: 3/3
   664 | D:1      | Reached XP level 3. HP: 30/33 MP: 4/4
  1368 | D:2      | Reached ** piety under Lugonu
  1458 | D:2      | Reached XP level 4. HP: 38/40 MP: 5/5
  2307 | D:3      | Found a hide-covered altar of Uskayaw.
  2362 | D:3      | Reached skill level 4 in Fighting
  2458 | D:3      | Found a basalt altar of Yredelemnul.
  2597 | D:4      | Reached skill level 1 in Throwing
  2597 | D:4      | Reached XP level 5. HP: 46/46 MP: 7/7
  2746 | D:4      | Found a large runed door.
  2747 | D:4      | Found a large runed door.
  2749 | D:4      | Noticed wiperr's ghost (novice HaHu)
  2758 | D:4      | Noticed a phantom
  2827 | D:4      | Killed a phantom
  2827 | D:4      | Reached skill level 1 in Dodging
  3041 | D:4      | Noticed Robin
  3054 | D:4      | Reached XP level 6. HP: 42/52 MP: 8/8
  3066 | D:4      | HP: 1/52 [Robin/mace of crushing (7)]
  3066 | D:4      | Slain by Robin

Skill      XL: |  1  2  3  4  5 |
---------------+----------------+-----
Axes           | 2 |  2.7
Armour         | 2 |  2.6
Fighting       | 4 |  4.0
Throwing       | 1 2 |  2.3
Invocations    | 3 |  3.3
Dodging        | 1 |  1.0

Action                   |  1- 3 |  4- 6 || total
-------------------------+-------+-------++-------
Melee: Hand axe          |    82 |    74 ||   156
       Kick              |     8 |    23 ||    31
Throw: Tomahawk          |    22 |    49 ||    71
Invok: Depart the Abyss  |     1 |       ||     1
  Use: Scroll            |     2 |     4 ||     6
  Eat: Chunk             |     1 |     3 ||     4
Armor: Leather armour    |    17 |       ||    17
       Scale mail        |    17 |    34 ||    51
Dodge: Dodged            |    38 |    33 ||    71
